 Dungeon Crawl Stone Soup version 0.17-a0-1533-g2f57bce (webtiles) character file.

114 emikaela the Skirmisher (level 4, -1/38 HPs)
             Began as a Demonspawn Chaos Knight on July 16, 2015.
             Slain by emikaela's ghost (4 damage)
             ... on level 3 of the Dungeon.
             The game lasted 00:05:36 (2463 turns).

emikaela the Skirmisher (Demonspawn Chaos Knight)   Turns: 2463, Time: 00:05:37

Health: -1/38      AC:  6    Str: 12    XL:     4   Next: 66%
Magic:  4/4        EV: 12    Int: 16    God:    Xom [....*.]
Gold:   110        SH:  0    Dex: 14    Spells: 0 memorised, 3 levels left

rFire  + + .     SeeInvis .     k - +2 spear (venom)
rCold  . . .     Clarity  .     z - +2 robe of Distant Shores {+Fly rF++ rN+}
rNeg   + . .     SustAt   .     (no shield)
rPois  .         Gourm    .     (no helmet)
rElec  .         Spirit   .     (no cloak)
rCorr  .         Warding  .     (no gloves)
rMut   .         Stasis   .     (no boots)
MR     .....                    (no amulet)
Stlth  +.........               l - +3 ring of intelligence
                                d - ring of wizardry

@: lethally poisoned (-1 -> -2), not resistant to hostile enchantments, very
unstealthy
A: slimy green scales 1, demonic guardian 1
a: Renounce Religion, Evoke Flight


You were on level 3 of the Dungeon.
You worshipped Xom.
You were a beloved toy of Xom.
You were not hungry.

You visited 1 branch of the dungeon, and saw 3 of its levels.

You collected 110 gold pieces.

Inventory:

Hand weapons
 a - a +0 mace of chaos
 k - a +2 spear of venom (weapon)
 y - a +0 blowgun
Missiles
 i - 74 stones (quivered)
 r - 21 sling bullets
 w - a stone of chaos
 x - 20 poisoned needles
Armour
 b - a +2 leather armour
 o - a +0 chain mail of cold resistance
 z - the +2 robe of Distant Shores (worn) {+Fly rF++ rN+}
   (Xom gifted it to you on level 3 of the Dungeon)

   It greatly protects you from fire.
   It protects you from negative energy.
   It lets you fly.
Jewellery
 d - a ring of wizardry (left hand)
 l - a +3 ring of intelligence (right hand)
Magical devices
 n - a wand of magic darts (21)
Scrolls
 e - 6 scrolls of remove curse {unknown}
 g - a scroll of identify {unknown}
 j - a scroll of fear {unknown}
 p - a scroll of blinking {unknown}
 A - a scroll of enchant armour {unknown}
Potions
 f - a potion of agility {unknown}
 h - a potion of heal wounds {unknown}
 q - a potion of degeneration {unknown}
 u - a potion of curing {unknown}
Comestibles
 c - 2 bread rations
 m - 2 royal jellies
 s - a beef jerky
 t - 8 fruits


   Skills:
 * Level 4.8 Fighting
 - Level 2.9 Maces & Flails
 - Level 1.7 Armour
 + Level 2.1 Dodging


You had 3 spell levels left.
You didn't know any spells.

Dungeon Overview and Level Annotations

Branches:
Dungeon (3/15)

Altars:
Ru

Annotations:
D:3 emikaela's ghost, average DsCK


Innate Abilities, Weirdness & Mutations

You are partially covered in slimy green scales (AC +2).
A weak demonic guardian rushes to your aid.


Message History

You could not reach far enough!
You feel sick.
Your ufetubus closely misses emikaela's ghost.
Your ufetubus hits emikaela's ghost. Emikaela's ghost hits your ufetubus!
Your ufetubus dies!
Attack whom?
Press: ? - help, Dir - move target cursor, f/p - emikaela's ghost
Aim: emikaela's ghost, wielding a weapon of chaos (severely damaged)
You reach to attack!
You hit emikaela's ghost but do no damage.
Emikaela's ghost is severely damaged.
Emikaela's ghost hits you.
You are electrocuted!
* * * LOW HITPOINT WARNING * * *
You hit emikaela's ghost.
Emikaela's ghost is almost destroyed.
Emikaela's ghost closely misses you.
You hit emikaela's ghost but do no damage.
Emikaela's ghost is almost destroyed.
Everything around seems to assume a strange transparency.
Emikaela's ghost hits you.
You die...

..# ..≈≈≈≈≈≈P.#.###..
..≈.≈≈♣≈..###....
.P.≈≈≈≈...###.##.#
..≈≈≈.≈≈P.###.##.
..≈≈.≈P≈...[.....
..P.≈≈....###.### #.
#.P....###.#.### #.
####.)÷@W.###.. #.
####.#..##.#.## #.
###..#..###.### #.
###.##..###.### #.
##..#...###.###
##..##.###.....[....###
#.......##.##.#.#######
.#######...##.#........
..≈≈≈..#..##.###.#


You could see emikaela's ghost.

Vanquished Creatures
  Terence (D:2)
  5 adders
  2 worms
  A giant gecko (D:3)
  5 bats
  4 hobgoblins
  9 kobolds
  2 quokkas
  A ball python (D:1)
  A giant newt (D:1)
  3 goblins
  A rat (D:2)
  A plant (D:1)
36 creatures vanquished.

Notes
Turn   | Place    | Note
--------------------------------------------------------------
     0 | D:1      | emikaela the Demonspawn Chaos Knight began the quest for the Orb.
     0 | D:1      | Reached XP level 1. HP: 18/18 MP: 1/1
   685 | D:1      | XOM: harmless Hex miscast
   690 | D:1      | XOM: harmless Chrm miscast
   693 | D:1      | Gained mutation: You are partially covered in slimy green scales (AC +2). [demonic ancestry]
   693 | D:1      | Reached XP level 2. HP: 24/24 MP: 2/2
   818 | D:2      | Reached skill level 1 in Dodging
   825 | D:2      | XOM: harmless Necr miscast
  1364 | D:2      | XOM: divination: magic mapping
  1367 | D:2      | Gained mutation: A weak demonic guardian rushes to your aid. [demonic ancestry]
  1367 | D:2      | Reached XP level 3. HP: 26/30 MP: 3/3
  1449 | D:2      | XOM: divination: magic mapping
  1465 | D:2      | Noticed Terence
  1471 | D:2      | XOM: divination: magic mapping
  1479 | D:2      | Killed Terence
  1479 | D:2      | Reached skill level 4 in Fighting
  1647 | D:2      | Reached XP level 4. HP: 37/37 MP: 4/4
  1854 | D:2      | XOM: harmless Chrm miscast
  1864 | D:3      | Noticed emikaela's ghost (average DsCK)
  1884 | D:3      | XOM: confusion
  1890 | D:3      | XOM: noise
  1894 | D:3      | XOM: 1-stop teleportation journey
  1972 | D:3      | XOM: colour smoke trail
  2013 | D:3      | XOM: mild Fire miscast
  2202 | D:3      | Found a sacrificial altar of Ru.
  2232 | D:3      | XOM: chaos upgrade
  2242 | D:3      | XOM: fog
  2295 | D:3      | XOM: god gift: faintly humming robe {god gift}
  2305 | D:3      | XOM: mild Pois miscast
  2308 | D:3      | Got a faintly humming robe {god gift}
  2319 | D:3      | Identified the +2 robe of Distant Shores {+Fly rF++ rN+} (Xom gifted it to you on level 3 of the Dungeon)
  2434 | D:3      | XOM: summons 4 friendly demons
  2463 | D:3      | XOM: vitrification
  2463 | D:3      | Slain by emikaela's ghost

Vault maps used:
D:1:      roderic_crop_circles_arrival_small, minmay_misc_feat_nine_boxes,
          minmay_statues_item
D:2:      uniq_terence
D:3:      trog_eyes_of_draining, first_bread, serial_bayou,
          serial_bayou_shore_a, serial_bayou_pond_b, serial_bayou_crossing,
          serial_bayou_shore_b, nicolae_ru_awakened_eye

Action                   |  1- 3 |  4- 6 || total
-------------------------+-------+-------++-------
Melee: Mace              |    40 |       ||    40
       Spear             |    52 |    78 ||   130
  Eat: Chunk             |     2 |     3 ||     5
